 Dungeon Crawl Stone Soup version 0.30-a0-632-g346586fe48 (webtiles) character file.

Game seed: 9013003020287995827

46 wormed the Insei (level 3, -1/23 HPs)
             Began as an Octopode Transmuter on Jan 13, 2023.
             Succumbed to Ijyb's poison
             ... on level 3 of the Dungeon.
             The game lasted 00:02:12 (1606 turns).

wormed the Insei (Octopode Transmuter)              Turns: 1606, Time: 00:02:13

Health: -1/23      AC:  1    Str:  9    XL:     3   Next: 68%
Magic:  4/6        EV: 13    Int: 17    God:
Gold:   62         SH:  0    Dex: 12    Spells: 3/6 levels left

rFire   + . .      SeeInvis .      - Unarmed
rCold   . . .      Faith    .    (no shield)
rNeg    . . .      Spirit   .    (helmet currently unavailable)
rPois   +          Reflect  .    k - amulet of regeneration
rElec   .          Harm     .    d - ring of protection from fire
rCorr   .          Rampage  .    h - ring of poison resistance
Will    .....                    (no ring)
Stlth   ++                       (no ring)
HPRegen 1.03/turn                (no ring)
MPRegen 0.10/turn                (no ring)
                                 (no ring)
                                 (no ring)

@: lethally poisoned (-1 -> -6), appendages, wereblooded, flying
A: tentacle spike 3, almost no armour, amphibious, 8 rings, camouflage 1,
gelatinous body 1, (nimble swimmer 1), tentacles
a: End Transformation


You were on level 3 of the Dungeon.
One of your tentacles had grown a beastly spike.
You visited 1 branch of the dungeon, and saw 3 of its levels.

You collected 62 gold pieces.

Inventory:

Jewellery
 d - a ring of protection from fire (left tentacle)
 h - a ring of poison resistance (right tentacle)
 k - an amulet of regeneration (around mantle)
 m - a ring of see invisible
Scrolls
 b - a scroll of teleportation
 i - a scroll of fog {unknown}
 l - a scroll of amnesia
Potions
 a - a potion of lignification
 c - 2 potions of invisibility
 e - a potion of ambrosia {unknown}
 f - a potion of curing {unknown}
 g - a potion of heal wounds {unknown}


   Skills:
 - Level 1.0 Fighting
 - Level 2.0 Dodging
 - Level 3.0 Unarmed Combat
 + Level 2.4 Spellcasting
 + Level 2.5 Transmutations
 * Level 2.1 Ice Magic


You had 3 spell levels left.
You knew the following spells:

 Your Spells              Type           Power      Damage    Failure   Level
a - Wereblood             Tmut           10%        N/A       10%         2
b - Beastly Appendage     Tmut           20%        N/A       6%          1

Your spell library contained the following spells:

 Spells                   Type           Power      Damage    Failure   Level
 Passwall                 Tmut/Erth      5%         N/A       17%         2
 Ensorcelled Hibernation  Hex/Ice        10%        N/A       19%         2
 Spider Form              Tmut/Pois      6%         N/A       32%         3
 Swiftness                Air            2%         N/A       50%         3
 Ice Form                 Ice/Tmut       10%        N/A       56%         4


Dungeon Overview and Level Annotations

Branches:
Dungeon (3/15)

Altars:

Annotations:
D:2 Sigmund
D:3 Ijyb


Innate Abilities, Weirdness & Mutations

One of your tentacles has grown a beastly spike.
You cannot wear most types of armour.
You are amphibious.
You can wear up to eight rings at the same time.
Your skin changes colour to match your surroundings (Stealth+).
Your rubbery body absorbs attacks. (AC +1, EV +1)
((You are camouflaged when in or above water. (Stealth+)))
You have tentacles for arms and can constrict up to eight enemies at once.


Message History

Ijyb closely misses you.
You tentacle-slap Ijyb. You grab Ijyb.
You pierce Ijyb.
Ijyb is heavily wounded.
You constrict Ijyb, but do no damage.
You tentacle-slap Ijyb but do no damage.
Ijyb is heavily wounded.
You constrict Ijyb, but do no damage.
Ijyb drinks a potion.
Ijyb seems to speed up.
You tentacle-slap Ijyb but do no damage.
You pierce Ijyb.
Ijyb is heavily wounded.
You constrict Ijyb. Ijyb closely misses you. x2
You tentacle-slap Ijyb.
Ijyb is severely wounded.
You constrict Ijyb.
Ijyb zaps a wand.
You resist with significant effort.
You tentacle-slap Ijyb but do no damage.
You pierce Ijyb, but do no damage.
You squeeze Ijyb, but do no damage.
Ijyb is severely wounded.
You constrict Ijyb, but do no damage.
Ijyb hits you with a +3 dagger of venom.
You are poisoned.
Ijyb zaps a wand.
You suddenly lose the ability to move!
You lose your grip on Ijyb.
You feel sick. Ijyb completely misses you.
You feel sick.
Ijyb hits you with a +3 dagger of venom.
Ijyb barely misses you.
You feel sick.
Ijyb hits you with a +3 dagger of venom.
You are more poisoned.
You feel very sick.
Ijyb zaps a wand.
You shrug off the repeated paralysis!
Ijyb hits you with a +3 dagger of venom!
* * * LOW HITPOINT WARNING * * *
You can move again.
It was a potion of flight.
You feel very buoyant.
You fly up into the air.
You hear the slow rusting of a very distant drain.
You die...

.....##.# #####
##########.#
#........#.#
#.######...# #.##.#.## #
#.......# ## #
#.......## ##.
#...######.##.#...####..
......g@...........<.+..
#.....####.####...##....
##.##. #.# #..## .##.
#.###.####.... ..##
#............#.#.##
#..#.#.#...#.....#
##.......#.#.#.#.##
#.#.#.#.#.#......#
#.........#.. #.#


You could see Ijyb (fast).

Vanquished Creatures
  An adder (D:2)
  2 dart slugs
  3 bats
  4 endoplasms
  2 giant cockroaches
  A goblin (D:1)
  3 hobgoblins
  3 quokkas
  A ball python (D:1)
  A frilled lizard (D:1)
  6 kobolds
  3 rats (D:1)
30 creatures vanquished.

Vanquished Creatures (others)
  3 plants (D:2)
3 creatures vanquished.

Grand Total: 33 creatures vanquished

Notes
Turn   | Place    | Note
-------+----------+-------------------------------------------
     0 | D:1      | wormed the Octopode Transmuter began the quest for the Orb.
     0 | D:1      | Reached XP level 1. HP: 13/13 MP: 3/3
   173 | D:1      | Reached skill level 1 in Ice Magic
   173 | D:1      | Reached XP level 2. HP: 18/18 MP: 3/5
   798 | D:1      | Reached XP level 3. HP: 14/23 MP: 4/6
   875 | D:1      | Learned a level 2 spell: Wereblood
  1423 | D:2      | Noticed Sigmund
  1590 | D:3      | Noticed Ijyb
  1601 | D:3      | Paralysed by Ijyb for 5 turns
  1605 | D:3      | HP: 1/23 [Ijyb/+3 dagger of venom (7)]
  1606 | D:3      | Succumbed to Ijyb's poison

Illustrated notes

Levels and vault maps discovered:
D:1:      kennysheep_arrival_forest, layout_basic, minmay_vboxes
D:2:      layout_basic, corexii_leaking_fountain, serial_bayou_crossing,
          uniq_sigmund
D:3:      layout_loops_corners, serial_co_window_serial, co_window_cross_1,
          co_window_corner_a, co_window_paths_b, co_window_paths_a,
          co_window_corner_a, co_window_broadway_b, co_window_2corner,
          co_window_broadway_a, co_window_of_opportunity_c, glass_columns_b,
          glass_columns_a, glass_columns_a, cheibrodos_sewer_entry_drain,
          minmay_misc_feat_four_crosses, uniq_ijyb

Skill      XL: |  1  2  3 |
---------------+----------+-----
Ice Magic      | 1 2 |  2.1
Fighting       | |  1.0
Dodging        | |  2.0
Unarmed Combat | |  3.0
Spellcasting   | |  2.4
Transmutations | |  2.5

Action                   || total
-------------------------++-------
Melee: Unarmed           ||    74
       Kick              ||    21
       Constrict         ||    21
       Tentacles         ||    10
       Punch             ||     2
 Cast: Beastly Appendage ||    19
       Wereblood         ||     9
  Use: Scroll            ||     7
       Potion            ||     1
 Stab: Sleeping          ||     2
Armor: Skin              ||     9
Dodge: Dodged            ||    52

Table legend: (Time is in decaauts)
 A = Elapsed time spent in this place.
 B = Non-inter-level travel time spent in this place.
 C = Inter-level travel time spent in this place.
 D = Time resting spent in this place.
 E = Time spent auto-exploring this place.
 F = Levels seen in this place.
 G = Mean time per level.
                   A        B        C        D        E       F      G
               +--------+--------+--------+--------+--------+-----+--------+
         Total |   1600 |   1587 |     13 |      0 |   1306 |   3 |  533.3 |
       Dungeon |   1600 |   1587 |     13 |      0 |   1306 |   3 |  533.3 |
               +--------+--------+--------+--------+--------+-----+--------+

Top non-repeatable levels by time:
     D:1: 886 daAuts
     D:2: 562 daAuts
     D:3: 151 daAuts
